AoeStats
← Vilo41

Arena

510093869Analyzed
1v1 RM · 2d ago on Sep 29, 2026· 52m 3s· 2 players
Game mode
Random Map
Map size
Tiny (2 player)
Population
200
Speed
Normal
Resources
Standard
Victory
Conquest
Starting age
Dark Age
Ending age
Imperial Age
RankedLock teamsTeams togetherTeam positionsShared explorationLock speedFull tech treeHidden civsTurbo modeCheats
Victory
Defeat
🇹🇼 Italians · Taiwan
501
+19
🇻🇪 Britons · Venezuela
564
-23
路竹小男神
10:34 Feudal Age
8:52 Loom
12:19 Double-Bit Axe
17:50 Castle Age
16:29 Wheelbarrow
18:05 Horse Collar
19:25 Stone Mining
20:47 Bow Saw
23:34 Padded Archer Armor
23:25 Fletching
23:00 Elite Skirmisher
28:40 Leather Archer Armor
28:20 Bodkin Arrow
33:21 Imperial Age
32:01 Scale Mail Armor
35:06 Ring Archer Armor
37:51 Bracer
37:32 Capped Ram
39:01 Cavalier
39:42 Husbandry
43:31 Two-Man Saw
42:34 Heavy Plow
45:05 Gold Mining
45:51 Stone Shaft Mining
46:51 Forging
46:57 Chain Mail Armor
46:17 Pikeman
46:57 Squires
Vilo41
10:08 Feudal Age
10:48 Double-Bit Axe
13:30 Wheelbarrow
18:33 Castle Age
17:08 Fletching
18:59 Crossbowman
19:06 Pikeman
21:31 Bodkin Arrow
29:10 Bow Saw
30:54 Padded Archer Armor
31:11 Town Watch
31:31 Stone Mining
36:23 Imperial Age
35:05 Hand Cart
34:56 Gold Mining
38:45 Town Patrol
39:48 Chemistry
42:30 Cavalier
44:16 Scale Barding Armor
44:41 Leather Archer Armor
44:35 Husbandry
46:04 Loom
46:13 Guard Tower
46:12 Horse Collar
Connection lost

Rejoining the realm…

Still unreachable

The connection could not be restored.

Session expired

The server has moved on; the page needs a fresh start.